 Dungeon Crawl Stone Soup version 0.30-a0-940-ge5077277c9 (webtiles) character file.

Game seed: 11136630171417433185

18346 Morbidden the Tainter (level 12, 0/87 HPs)
             Began as a Demonspawn Venom Mage on Mar 26, 2023.
             Was a Priest of Cheibriados.
             Slain by an elephant (6 damage)
             ... on level 2 of the Lair of Beasts.
             The game lasted 00:27:36 (11889 turns).

Morbidden the Tainter (Demonspawn Venom Mage)      Turns: 11889, Time: 00:27:37

Health: 0/87       AC: 21    Str: 20    XL:     12   Next: 26%
Magic:  0/24       EV: 10    Int: 34    God:    Cheibriados [***...]
Gold:   371        SH:  0    Dex: 21    Spells: 12/28 levels left

rFire   + . .      SeeInvis +    a - +9 short sword of Yredelemnul {venom, rC+ rN++ Dex-2 Stlth+}
rCold   + + +      Faith    .    (no shield)
rNeg    + + .      Spirit   +    S - +0 chain mail of the Maze {rC++ Str+3}
rPois   .          Reflect  .    f - +2 hat
rElec   .          Rampage  .    n - +0 cloak {Stlth+}
rCorr   .                        J - +1 pair of gloves
Will    .....                    r - +1 pair of boots {Fly}
Stlth   ++                       x - amulet of magic regeneration
HPRegen 0.34/turn                H - ring of see invisible
MPRegen 0.78/turn                I - +6 ring of intelligence

@: radiating poison, flying, very slow
A: hooves 2, molten scales 3, magic shield, magic regeneration, magic link,
demonic magic 1, bedeviling
a: Renounce Religion, Bend Time, Temporal Distortion


You were on level 2 of the Lair of Beasts.
You worshipped Cheibriados.
Cheibriados was most pleased with you.
You visited 3 branches of the dungeon, and saw 14 of its levels.
You also visited: Bailey.

You collected 1159 gold pieces.
You spent 788 gold pieces at shops.

Inventory:

Hand Weapons
 a - the +9 short sword of Yredelemnul (weapon) {venom, rC+ rN++ Dex-2 Stlth+}
   (You bought it in a shop on level 10 of the Dungeon)

   Dex:       It affects your dexterity (-2).
   rC:        It protects you from cold.
   rN:        It greatly protects you from negative energy.
   Stlth:     It makes you more stealthy.
 b - a +4 scimitar of freezing
Missiles
 q - 55 poisoned darts
 t - 2 throwing nets
 E - 21 boomerangs
Armour
 f - a +2 hat (worn)
 n - a +0 cloak of stealth (worn)
 r - a +1 pair of boots of flying (worn)
 C - +0 steam dragon scales
 J - a +1 pair of gloves (worn)
 O - a +0 troll leather armour
 S - the +0 chain mail of the Maze (worn) {rC++ Str+3}
   (You found it on level 2 of the Lair of Beasts)

   Str:       It affects your strength (+3).
   rC:        It greatly protects you from cold.
Jewellery
 k - an amulet of reflection
 x - an amulet of magic regeneration (around neck)
 y - a ring of resist corrosion
 H - a ring of see invisible (left hand)
 I - a +6 ring of intelligence (right hand)
Wands
 u - a wand of flame (28)
 w - a wand of polymorph (7)
 G - a wand of mindburst (37)
 Q - a wand of paralysis (3)
 R - a wand of acid (8)
Scrolls
 g - 2 scrolls of immolation
 h - 2 scrolls of enchant armour
 m - 2 scrolls of noise {unknown}
 o - 3 scrolls of teleportation
 p - a scroll of vulnerability {unknown}
 s - a scroll of fog {unknown}
 B - 2 scrolls of magic mapping
 D - 4 scrolls of enchant weapon {unknown}
 F - a scroll of blinking {unknown}
 K - 6 scrolls of identify
 N - 3 scrolls of fear
 P - a scroll of brand weapon {unknown}
Potions
 c - 4 potions of lignification
 d - 2 potions of might {unknown}
 e - 2 potions of resistance {unknown}
 i - 4 potions of brilliance
 j - 2 potions of mutation {unknown}
 l - 2 potions of attraction {unknown}
 v - 2 potions of degeneration {unknown}
 z - 6 potions of flight
 A - 5 potions of curing {unknown}
 L - a potion of invisibility {unknown}
 M - 2 potions of ambrosia {unknown}


   Skills:
 * Level 5.8 Fighting
 + Level 2.5(2.6) Short Blades
 + Level 0.8(1.8) Long Blades
 * Level 5.1 Armour
 * Level 5.3 Dodging
 + Level 4.8 Stealth
 + Level 0.1 Shields
 + Level 0.3 Unarmed Combat
 * Level 8.7 Spellcasting
 * Level 2.0 Conjurations
 * Level 2.4 Hexes
 * Level 6.4 Necromancy
 * Level 5.9 Transmutations
 * Level 4.6 Air Magic
 * Level 1.3 Earth Magic
 + Level 8.7 Poison Magic
 * Level 3.4 Evocations


You had 12 spell levels left.
You knew the following spells:

 Your Spells              Type           Power      Damage    Failure   Level
a - Stone Arrow           Conj/Erth      52%        3d10      38%         3
b - Olgreb's Toxic Radia  Pois           65%        N/A       8%          4
c - Poisonous Vapours     Pois/Air       100%       N/A       2%          2
d - Sting                 Tmut/Pois      100%       1d8       1%          1
x - Confusing Touch       Hex            47%        N/A       30%         3
z - Vampiric Draining     Necr           55%        2d9       6%          3

Your spell library contained the following spells:

 Spells                   Type           Power      Damage    Failure   Level
 Slow                     Hex            100%       N/A       10%         1
 Passwall                 Tmut/Erth      32%        N/A       10%         2
 Mephitic Cloud           Conj/Pois/Air  49%        N/A       10%         3
 Sandblast                Erth           48%        2d12      16%         1
 Tukima's Dance           Hex            47%        N/A       30%         3
 Portal Projectile        Hex/Tloc       68%        N/A       45%         3
 Blade Hands              Tmut           26%        N/A       54%         5
 Gell's Gravitas          Tloc           14%        N/A       63%         3
 Teleport Other           Tloc           14%        N/A       63%         3
 Dispersal                Tloc           7%         N/A       100%        6


Dungeon Overview and Level Annotations

Branches:
Dungeon (11/15)            Temple (1/1) D:5            Lair (2/5) D:11
 Spider (0/4) Lair:2          Orc (0/2) D:10         Bailey (visited)
  Swamp: Lair:2-3    Shoals: Lair:2-3

Altars:
Ashenzari
Cheibriados
Dithmenos
Fedhas
Gozag
Hepliaklqana
Kikubaaqudgha
Makhleb
Nemelex Xobeh
Okawaru
Qazlal
Ru
Sif Muna
Trog
Uskayaw
Vehumet
Wu Jian
Xom
Yredelemnul

Shops:
D:7 (   D:10 ((


Innate Abilities, Weirdness & Mutations

You have hoof-like feet.
You are completely covered in molten scales. (AC +4, rF+)
When hurt, damage is shared between your health and your magic reserves.
You regenerate magic rapidly.
When low on magic, you restore magic in place of health.
Spells you cast may paralyse adjacent enemies.
Your hexes are more powerful.


Message History

You begin to radiate toxic energy.
The elephant looks even sicker.
Malevolent energies surge around you.
The elephant looks as sick as possible!
The elephant closely misses you.
The elephant trunk-slaps you but does no damage.
The elephant barely misses you. The elephant misses you.
The elephant tramples you but does no damage.
The elephant trunk-slaps you.
* * * LOW HITPOINT WARNING * * *
Unknown command.
Unknown command.
Unknown command.
Unknown command.
You hit the elephant but do no damage.
The elephant is heavily wounded.
You kill the elephant!
Cheibriados appreciates the change of pace.
Cheibriados raises the support of your attributes as your movement slows.
The elephant tramples you!
* * * LOW HITPOINT WARNING * * *
You hold your ground!
The elephant trunk-slaps you but does no damage.
The elephant tramples you!
* * * LOW HITPOINT WARNING * * *
You are shoved backwards!
Your Conjurations skill increases to level 2!
Unknown command.
You hit the elephant but do no damage.
The elephant looks as sick as possible!
The elephant is heavily wounded.
The elephant tramples you but does no damage.
The elephant barely misses you. The elephant tramples you.
* * * LOW HITPOINT WARNING * * *
You hold your ground!
The elephant trunk-slaps you but does no damage.
Unknown command.
Unknown command.
You hit the elephant.
The elephant looks as sick as possible!
The elephant is severely wounded.
The elephant tramples you but does no damage.
The elephant completely misses you. The elephant tramples you!
You die...

.....# ##P.................
.....# #...................
......##....P #..P#......
###.........###..##.?.#
#^^... ##.....#...#...#..P
^^^..###...................
^...#^^^...................
...^^^^....##.##YY.##.#####
^..^>^.....#####@##.###
..#^^^...^.# ### ##
..##^^^....# ..^##^#....#
...^###....# ^...###.^..#
.....#.....# ##.P...#.###
####.#####


You could see 2 elephants.

Vanquished Creatures
  A two-headed ogre (D:11)
  2 boulder beetles
  2 manticores (D:11)
  An ugly thing (D:11)
  A cyclops (D:8)
  2 elephants (Lair:2)
  A black mamba (Lair:1)
  2 rime drakes (Lair:1)
  2 cane toads (Lair:1)
  An unseen horror (D:11)
  A kobold demonologist (D:9)
  2 komodo dragons (Lair:1)
  A troll (D:11)
  2 wyverns
  3 wraiths
  A basilisk (Lair:1)
  17 yaks
  A steam dragon (D:6)
  3 redbacks (Lair:2)
  4 vampire mosquitoes
  4 water moccasins
  3 ice beasts
  13 orc warriors
  A sky beast (D:8)
  8 black bears
  2 ogres
  5 centaurs
  2 phantoms
  2 kobold brigands
  6 bullfrogs
  2 gnoll sergeants
  6 scorpions
  15 wights
  15 killer bees
  2 electric eels (D:10)
  4 howler monkeys
  A gnoll bouda (D:4)
  A hound (D:7)
  A jelly (D:5)
  13 orc priests
  4 sleepcaps
  5 iguanas
  20 orc wizards
  8 gnolls
  7 adders
  A shadow imp (D:5)
  2 white imps
  An ufetubus (D:6)
  3 worms
  A dart slug (D:2)
  63 orcs
  6 ball pythons
  3 endoplasms
  4 giant cockroaches
  7 goblins
  11 hobgoblins
  5 jackals
  2 quokkas
  A bat (D:2)
  39 kobolds
  7 rats
356 creatures vanquished.

Vanquished Creatures (others)
  22 fungi
  60 plants
82 creatures vanquished.

Grand Total: 438 creatures vanquished

Notes
Turn   | Place    | Note
-------+----------+-------------------------------------------
     0 | D:1      | Morbidden the Demonspawn Venom Mage began the quest for the
                  | Orb.
     0 | D:1      | Reached XP level 1. HP: 13/13 MP: 3/3
   765 | D:2      | Gained mutation: You regenerate magic rapidly. [demonic
                  | ancestry]
   765 | D:2      | Reached XP level 2. HP: 13/20 MP: 0/5
   822 | D:2      | Reached skill level 1 in Transmutations
   825 | D:2      | Learned a level 2 spell: Poisonous Vapours
   846 | D:2      | Gained mutation: You are partially covered in molten
                  | scales. (AC +2) [demonic ancestry]
   846 | D:2      | Reached XP level 3. HP: 25/25 MP: 2/6
  1096 | D:2      | Found a faded altar of an unknown god.
  1628 | D:3      | Gained mutation: Spells you cast may paralyse adjacent
                  | enemies. [demonic ancestry]
  1628 | D:3      | Reached XP level 4. HP: 28/31 MP: 1/7
  1722 | D:3      | Reached skill level 1 in Fighting
  1732 | D:3      | Identified the +2 ring mail of Yxamih {Rampage *Slow Dex+4}
  1842 | D:3      | You fall into a shaft and drop 2 floors!
  1842 | D:5      | Entered Level 5 of the Dungeon
  1861 | D:5      | Found a staircase to the Ecumenical Temple.
  1873 | D:5      | Reached skill level 1 in Air Magic
  1959 | D:5      | Reached XP level 5. HP: 37/37 MP: 4/9
  1963 | Temple   | Entered the Ecumenical Temple
  2156 | D:5      | Reached skill level 1 in Armour
  2436 | D:4      | Gained mutation: When hurt, damage is shared between your
                  | health and your magic reserves. [demonic ancestry]
  2436 | D:4      | Reached XP level 6. HP: 41/43 MP: 5/11
  2776 | D:4      | Found a hide-covered altar of Uskayaw.
  2875 | D:3      | Learned a level 3 spell: Vampiric Draining
  3223 | D:4      | Gained mutation: When low on magic, you restore magic in
                  | place of health. [demonic ancestry]
  3223 | D:4      | Reached XP level 7. HP: 50/50 MP: 6/12
  3853 | D:5      | Learned a level 4 spell: Olgreb's Toxic Radiance
  3968 | D:5      | Reached skill level 1 in Necromancy
  4593 | D:6      | Gained mutation: You are mostly covered in molten scales.
                  | (AC +3) [demonic ancestry]
  4593 | D:6      | Reached XP level 8. HP: 57/57 MP: 8/14
  4641 | D:6      | Reached skill level 1 in Short Blades
  4937 | D:6      | Reached skill level 5 in Poison Magic
  5427 | D:7      | Gained mutation: You have large cloven feet. [demonic
                  | ancestry]
  5427 | D:7      | Reached XP level 9. HP: 62/64 MP: 16/16
  5436 | D:7      | Reached skill level 5 in Spellcasting
  5629 | D:7      | Found a flagged portal.
  5638 | Bailey   | Entered a bailey
  6438 | D:7      | Found a sparkling altar of Nemelex Xobeh.
  6500 | D:7      | Found Noegikopt's Weapon Boutique.
  6564 | D:7      | Found a shadowy altar of Dithmenos.
  6568 | D:7      | Found a basalt altar of Yredelemnul.
  6569 | D:7      | Found an ancient bone altar of Kikubaaqudgha.
  6569 | D:7      | Found a sacrificial altar of Ru.
  6570 | D:7      | Found a shimmering altar of Xom.
  7250 | D:8      | Gained mutation: You have hoof-like feet. [demonic
                  | ancestry]
  7250 | D:8      | Reached XP level 10. HP: 58/71 MP: 17/19
  7353 | D:8      | Reached skill level 5 in Transmutations
  7453 | D:8      | Noticed a boulder beetle
  7548 | D:8      | Killed a boulder beetle
  7549 | D:8      | Reached skill level 1 in Evocations
  7570 | D:8      | Noticed a cyclops
  7582 | D:8      | Killed a cyclops
  8178 | D:8      | Found a stormy altar of Qazlal.
  8231 | D:8      | Found a shimmering blue altar of Sif Muna.
  8242 | D:8      | Found a snail-covered altar of Cheibriados.
  8244 | D:8      | Found an iron altar of Okawaru.
  8245 | D:8      | Found a broken altar of Ashenzari.
  8250 | D:8      | Became a worshipper of Cheibriados the Contemplative
  8366 | D:9      | Reached skill level 5 in Necromancy
  8576 | D:9      | Found an opulent altar of Gozag.
  8585 | D:9      | Found a blossoming altar of Fedhas.
  8638 | D:9      | Gained mutation: Your hexes are more powerful. [demonic
                  | ancestry]
  8638 | D:9      | Reached XP level 11. HP: 49/78 MP: 7/22
  8644 | D:9      | Learned a level 3 spell: Confusing Touch
  9206 | D:9      | Reached skill level 5 in Fighting
  9402 | D:10     | Entered Level 10 of the Dungeon
  9445 | D:10     | Reached * piety under Cheibriados
  9780 | D:10     | Reached ** piety under Cheibriados
  9816 | D:10     | Found a staircase to the Orcish Mines.
  9993 | D:10     | Found Bamaur's Weapon Boutique.
  9994 | D:10     | Found Xuuw's Weapon Shoppe.
 10001 | D:10     | Bought the +9 short sword of Yredelemnul {venom, rC+ rN++
                  | Dex-2 Stlth+} for 788 gold pieces
 10319 | D:11     | Reached skill level 5 in Dodging
 10345 | D:11     | Found a staircase to the Lair.
 10428 | D:11     | Reached skill level 1 in Hexes
 10498 | D:11     | Noticed a green ugly thing
 10514 | D:11     | Killed a green ugly thing
 10631 | D:11     | Noticed a two-headed ogre
 10642 | D:11     | Killed a two-headed ogre
 10647 | D:11     | Learned a level 3 spell: Stone Arrow
 10756 | D:11     | Reached *** piety under Cheibriados
 10959 | Lair:1   | Entered Level 1 of the Lair of Beasts
 11103 | Lair:1   | Reached skill level 5 in Armour
 11104 | Lair:1   | Reached skill level 1 in Conjurations
 11132 | Lair:1   | Reached skill level 1 in Earth Magic
 11134 | Lair:1   | Gained mutation: You are completely covered in molten
                  | scales. (AC +4, rF+) [demonic ancestry]
 11134 | Lair:1   | Reached XP level 12. HP: 79/86 MP: 14/24
 11518 | Lair:1   | Noticed a boulder beetle
 11620 | Lair:1   | Killed a boulder beetle
 11747 | Lair:2   | Identified the +0 chain mail of the Maze {rC++ Str+3}
 11789 | Lair:2   | Found a hole to the Spider Nest.
 11889 | Lair:2   | Slain by an elephant

Illustrated notes

Levels and vault maps discovered:
D:1:      minmay_arrival_four_circles, layout_basic, nrook_campfire
D:2:      layout_rooms, dreamdust_ecumenical_altar_hidden_monk_grotto
D:3:      layout_rooms, minivault_26
D:4:      layout_cave_pods, mainiacjoe_overflow_paths
D:5:      layout_basic, minmay_temple_entry_sparse_star, serial_bayou_pond_d
D:6:      kennysheep_kobold_camp, layout_basic
D:7:      layout_loops_corners, grunt_temple_overflow_open, enter_bailey_6,
          serial_shops, shop
D:8:      cheibrodos_fzero, layout_loops_cross, minitemple,
          nicolae_overflow_hidden_temple, bh_walls_and_bars
D:9:      layout_basic, nicolae_tso_swordbearing_angel,
          mainiacjoe_overflow_big_doors
D:10:     layout_big_octagon, hiddenorc2_lemuel, serial_shops,
          nicolae_shop_bloodbath_and_beyond, nicolae_take_the_stairs,
          grunt_decor_fettered
D:11:     layout_cave_pools, due_lair_maze_entry_diamond
Temple:   hellmonk_temple_two_chambers
Lair:1:   layout_misc_corridors, chequers_serial_rivers_micro_b,
          grunt_megastairs_4
Lair:2:   mu_elephants_graveyard, layout_long_grid, minmay_swamp_entry_reptiles,
          spider_nest_entry_webs, chequers_serial_rivers_micro_c,
          nicolae_lair_lakeside_cave

Skill      XL: |  1  2  3  4  5  6  7  8  9 10 11 12 |
---------------+-------------------------------------+-----
Dodging        | 2 3 4 5 |  5.3
Transmutations | 1 2 3 4 5 |  5.9
Fighting       | 1 2 3 4 5 |  5.8
Spellcasting   | 3 4 6 7 8 |  8.7
Air Magic      | 1 2 3 4 |  4.6
Armour         | 1 2 3 4 5 |  5.1
Poison Magic   | 4 5 6 7 8 |  8.7
Stealth        | 2 3 4 |  4.8
Necromancy     | 2 3 4 5 6 |  6.4
Short Blades   | 1 2 |  2.5
Evocations     | 2 3 |  3.4
Hexes          | 2 |  2.4
Conjurations   | 1 2 |  2.0
Earth Magic    | 1 |  1.3
Long Blades    | |  0.8
Shields        | |  0.1
Unarmed Combat | |  0.3

Action                     |  1- 3 |  4- 6 |  7- 9 | 10-12 || total
---------------------------+-------+-------+-------+-------++-------
  Melee: Unarmed           |    14 |     4 |    39 |       ||    57
         Punch             |     1 |     1 |     2 |     3 ||     7
         Dagger            |       |    38 |   224 |   113 ||   375
         Great sword       |       |       |     3 |       ||     3
         Kick              |       |       |    11 |       ||    11
         Short sword       |       |       |       |    97 ||    97
         Scimitar          |       |       |       |    34 ||    34
   Cast: Sting             |    72 |   101 |   109 |    74 ||   356
         Poisonous Vapours |       |     2 |    92 |    18 ||   112
         Olgreb's Toxic Ra |       |       |    24 |    93 ||   117
         Vampiric Draining |       |       |     6 |    17 ||    23
         Stone Arrow       |       |       |       |    29 ||    29
         Confusing Touch   |       |       |       |     3 ||     3
  Evoke: Wand              |       |       |       |     3 ||     3
    Use: Scroll            |       |       |    10 |       ||    10
         Potion            |       |       |       |     2 ||     2
   Stab: Paralysed         |       |    25 |    45 |    52 ||   122
         Sleeping          |       |       |     1 |     2 ||     3
         Confused          |       |       |       |     1 ||     1
 Armour: Robe              |     8 |    25 |    10 |       ||    43
         Ring mail         |       |       |    60 |       ||    60
         Leather armour    |       |       |    40 |   136 ||   176
         Troll leather arm |       |       |       |    38 ||    38
         Chain mail        |       |       |       |    22 ||    22
  Dodge: Dodged            |    24 |    49 |   173 |   209 ||   455
  Block: Other             |     3 |    21 |     9 |       ||    33
         Reflection        |       |     1 |       |       ||     1

Table legend: (Time is in decaauts)
 A = Elapsed time spent in this place.
 B = Non-inter-level travel time spent in this place.
 C = Inter-level travel time spent in this place.
 D = Time resting spent in this place.
 E = Time spent auto-exploring this place.
 F = Levels seen in this place.
 G = Mean time per level.
                   A        B        C        D        E       F      G
               +--------+--------+--------+--------+--------+-----+--------+
         Total |  12925 |  12511 |    414 |    666 |   9235 |  15 |  861.7 |
       Dungeon |  11085 |  10719 |    366 |    666 |   7810 |  11 | 1007.7 |
        Temple |     34 |     30 |      4 |      0 |     28 |   1 |   34.0 |
          Lair |   1304 |   1261 |     43 |      0 |   1019 |   2 |  652.0 |
        Bailey |    501 |    501 |      0 |      0 |    377 |   1 |  501.0 |
               +--------+--------+--------+--------+--------+-----+--------+

Top non-repeatable levels by time:
     D:4: 1284 daAuts
     D:9: 1244 daAuts
     D:7: 1241 daAuts
     D:8: 1192 daAuts
     D:5: 1189 daAuts
    D:10: 1091 daAuts
  Lair:1: 1087 daAuts
    D:11: 945 daAuts
     D:6: 874 daAuts
     D:2: 766 daAuts
     D:1: 757 daAuts
  Bailey: 501 daAuts
     D:3: 498 daAuts
  Lair:2: 216 daAuts
  Temple: 34 daAuts
